 Dungeon Crawl Stone Soup version 0.18.1-48-g4cf74bf (webtiles) character file.

4169 simples the Covert (level 10, -6/51 HPs)
             Began as a Spriggan Enchanter on Sept 8, 2016.
             Mangled by a hill giant
             ... wielding a +0 giant spiked club
              (27 damage)
             ... on level 9 of the Dungeon.
             The game lasted 00:20:08 (10802 turns).

simples the Covert (Spriggan Enchanter)            Turns: 10802, Time: 00:20:08

Health: -6/51      AC:  3    Str:  4    XL:     10   Next: 7%
Magic:  17/21      EV: 31    Int: 16    God:
Gold:   24         SH:  0    Dex: 21    Spells: 3 memorised, 16 levels left

rFire  . . .     SeeInvis +     R - +0 demon blade (venom)
rCold  . . .     Gourm    .     N - +1 robe {rN+}
rNeg   + . .     Faith    .     (shield currently unavailable)
rPois  .         Spirit   .     (helmet restricted)
rElec  .         Dismiss  +     (no cloak)
rCorr  .         Reflect  .     (gloves unavailable)
SustAt .         Harm     .     (boots unavailable)
MR     +....                    F - amulet of dismissal
Stlth  ++++++....               (no ring)
                                L - +5 ring of evasion

@: very quick, somewhat resistant to hostile enchantments, very stealthy
A: unfitting armour, see invisible, herbivore 3, speed 3, slow metabolism 2
a: no special abilities


You were on level 9 of the Dungeon.
You were not hungry.

You visited 2 branches of the dungeon, and saw 10 of its levels.

You collected 564 gold pieces.
You spent 540 gold pieces at shops.

Inventory:

Hand Weapons
 a - a +1 dagger
 G - a cursed -2 dagger
 M - a +3 dagger
 O - a +0 dagger of draining
 R - a +0 demon blade of venom (weapon)
Armour
 y - a +2 buckler
 N - a +1 robe of positive energy (worn)
Jewellery
 A - a cursed -3 ring of intelligence {unknown}
 F - an amulet of dismissal (around neck)
 L - a +5 ring of evasion (left hand)
Wands
 r - a wand of lightning (15/15)
 s - a wand of random effects (2/48)
 Q - a wand of heal wounds (3/9)
Scrolls
 e - 4 scrolls of identify
 g - 4 scrolls of amnesia
 j - 3 scrolls of blinking
 k - 7 scrolls of remove curse
 m - a scroll of immolation {unknown}
 p - 4 scrolls of fear
 q - a scroll of enchant armour {unknown}
 u - 2 scrolls of random uselessness {unknown}
 x - 4 scrolls of recharging
 C - a scroll of enchant weapon {unknown}
 D - 5 scrolls of teleportation {unknown}
 E - 2 scrolls of magic mapping {unknown}
 I - a scroll of fog {unknown}
Potions
 h - 3 potions of brilliance {unknown}
 i - 3 potions of heal wounds
 l - a potion of lignification {unknown}
 n - a potion of agility {unknown}
 o - 3 potions of curing
 t - 2 potions of resistance {unknown}
 v - 3 potions of degeneration {unknown}
 w - 2 potions of ambrosia {unknown}
 z - 2 potions of invisibility {unknown}
 B - 2 potions of mutation {unknown}
 H - a potion of cancellation {unknown}
 J - 2 potions of flight {unknown}
Books
 b - a book of Power

   Spells                             Type                      Level
   a - Fulminant Prism                Conjuration/Hexes            4
   b - Iskenderun's Mystic Blast      Conjuration                  4
   c - Venom Bolt                     Conjuration/Poison           5
   d - Bolt of Magma                  Conjuration/Fire/Earth       5
   e - Iron Shot                      Conjuration/Earth            6
   f - Orb of Destruction             Conjuration                  7
   g - Spellforged Servitor           Conjuration/Summoning        7
 c - a book of Maledictions

   Spells                             Type                      Level
   a - Corona                         Hexes                        1
   b - Ensorcelled Hibernation        Hexes/Ice                    2
   c - Confuse                        Hexes                        3
   d - Tukima's Dance                 Hexes                        3
   e - Dazzling Spray                 Conjuration/Hexes            3
 K - a book of Alchemy

   Spells                             Type                      Level
   a - Sublimation of Blood           Necromancy                   2
   b - Ignite Poison                  Fire/Transmutation/Poison    3
   c - Petrify                        Transmutation/Earth          4
   d - Alistair's Intoxication        Transmutation/Poison         5
   e - Irradiate                      Conjuration/Transmutation    5
 P - a book of Fire

   Spells                             Type                      Level
   a - Ignite Poison                  Fire/Transmutation/Poison    3
   b - Fireball                       Conjuration/Fire             5
   c - Bolt of Fire                   Conjuration/Fire             6
   d - Delayed Fireball               Conjuration/Fire             7
   e - Ring of Flames                 Charms/Fire                  7
Comestibles
 d - 6 bread rations
 f - 7 fruits


   Skills:
 - Level 4.5 Fighting
 - Level 6.5(6.6) Short Blades
 * Level 1.2(3.3) Long Blades
 - Level 8.2 Dodging
 + Level 12.3 Stealth
 - Level 6.9 Spellcasting
 - Level 7.2 Hexes


You had 16 spell levels left.
You knew the following spells:

 Your Spells              Type           Power        Failure   Level  Hunger
a - Corona                Hex            ####...      1%          1    None
b - Ensorcelled Hibernat  Hex/Ice        ###...       6%          2    None
c - Confuse               Hex            ####....     1%          3    ##.....


Dungeon Overview and Level Annotations

Branches:
Dungeon (9/15)             Temple (1/1) D:5
   Lair: D:8-11         Orc: D:9-12

Altars:
Ashenzari
Cheibriados
Dithmenos
Elyvilon
Fedhas
Kikubaaqudgha
Makhleb
Nemelex Xobeh
Okawaru
Pakellas
Qazlal
Ru
Sif Muna
Trog
Vehumet
Xom
Yredelemnul
Zin
The Shining One

Shops:
D:6 %:=*}   D:8 *   D:9 (


Innate Abilities, Weirdness & Mutations

You are tiny and cannot use many weapons and most armour.
You have supernaturally acute eyesight.
You are a herbivore.
You cover ground extremely quickly.
You need consume almost no food.


Message History

The hill giant is moderately wounded.
The jelly closely misses you.
Casting: Confuse
Confirm with . or Enter, or press ? or * to list all spells.
Aiming: Confuse
Press: ? - help, Shift-Dir - straight line, f - hill giant
Aim: a hill giant, wielding a giant spiked club (heavily wounded, poisoned, chance to defeat MR: 39%)
The hill giant appears confused.
The hill giant hits itself with a giant spiked club!!
The hill giant gestures wildly.
The hill giant closely misses you.
You hit the hill giant.
The hill giant looks even sicker.
The hill giant is severely wounded.
You hit the hill giant but do no damage.
The hill giant is almost dead.
You hit the hill giant but do no damage.
The hill giant is almost dead.
The hill giant hits you with a giant spiked club!!
Ouch! That really hurt!
You die...

### ##### ##########.....
##########...# #.Co..).).....#
.<.......[...# #@#.J.......#.#
##########...###.#.######.....
##.#.........# ##.#
###.###.†.#.##.# #
########....#....#.#
.........###.###.#.#
.######### #.# #.#.# .# # #
#.# .# #.#


You could see a hill giant (confused) and an orc.

Vanquished Creatures
  2 trolls (D:9)
  A wyvern (D:8)
  The ghost of Ruka the Slasher, an amateur HuAK of Lugonu (D:3)
  A hungry ghost (D:7)
  Menkaure (D:6)
  2 water moccasins (D:9)
  3 orc warriors
  A sky beast (D:8)
  3 ice beasts
  4 ogres
  3 centaurs
  A big kobold (D:9)
  5 giant frogs
  2 scorpions
  5 killer bees (D:9)
  A wight (D:8)
  5 crimson imps
  2 giant frog zombies (D:7)
  2 jellies
  6 hounds
  An orc priest (D:6)
  2 giant frog skeletons
  4 iguanas
  4 worker ants
  5 orc wizards
  A hound zombie (D:6)
  A hound skeleton (D:7)
  2 worker ant zombies (D:7)
  2 howler monkey skeletons
  4 gnolls (D:8)
  8 adders
  An ooze (D:2)
  An adder zombie (D:8)
  An adder skeleton (D:6)
  A worm (D:2)
  4 giant geckos
  18 orcs
  3 giant cockroaches
  10 goblins
  5 hobgoblins
  10 jackals
  5 quokkas
  A ball python (D:6)
  7 bats
  3 giant newts
  A jackal skeleton (D:5)
  A jackal zombie (D:7)
  7 kobolds
  A quokka zombie (D:9)
  2 rats
167 creatures vanquished.

Notes
Turn   | Place    | Note
--------------------------------------------------------------
     0 | D:1      | simples the Spriggan Enchanter began the quest for the Orb.
     0 | D:1      | Reached XP level 1. HP: 9/9 MP: 5/5
   377 | D:1      | Reached XP level 2. HP: 12/13 MP: 6/6
  1043 | D:2      | Reached XP level 3. HP: 10/16 MP: 8/8
  1979 | D:2      | Reached skill level 5 in Stealth
  2298 | D:3      | Noticed Ruka's ghost (amateur HuAK)
  2316 | D:3      | Learned a level 2 spell: Ensorcelled Hibernation
  2320 | D:3      | Learned a level 3 spell: Confuse
  2549 | D:3      | Killed Ruka's ghost
  2549 | D:3      | Reached skill level 1 in Fighting
  2549 | D:3      | Reached skill level 6 in Stealth
  2549 | D:3      | Reached XP level 4. HP: 8/22 MP: 3/10
  2549 | D:3      | Reached XP level 5. HP: 9/25 MP: 3/11
  3887 | D:4      | Reached XP level 6. HP: 29/30 MP: 6/12
  4450 | D:5      | Entered Level 5 of the Dungeon
  4663 | D:5      | Found a staircase to the Ecumenical Temple.
  4690 | Temple   | Entered the Ecumenical Temple
  4977 | D:5      | Reached skill level 5 in Dodging
  4977 | D:5      | Reached skill level 7 in Stealth
  5549 | D:5      | Noticed an ice beast
  5564 | D:5      | Killed an ice beast
  5564 | D:5      | Reached XP level 7. HP: 35/35 MP: 11/14
  5655 | D:6      | Noticed Menkaure
  5662 | D:6      | Killed Menkaure
  5662 | D:6      | Reached skill level 8 in Stealth
  5775 | D:6      | Noticed a hill giant
  6203 | D:6      | Found Ikyev's Food Shoppe.
  6238 | D:6      | Reached skill level 5 in Hexes
  6412 | D:6      | Reached XP level 8. HP: 29/39 MP: 0/16
  6567 | D:6      | Found Plog's Book Boutique.
  6598 | D:6      | Found Ippyhaci's Assorted Antiques.
  6614 | D:6      | Found Hueval's Gadget Shoppe.
  6643 | D:6      | Reached skill level 9 in Stealth
  6659 | D:6      | Found Joemp's Jewellery Shoppe.
  6822 | D:6      | Reached skill level 5 in Spellcasting
  7812 | D:7      | Reached skill level 10 in Stealth
  7965 | D:7      | Found an iron altar of Okawaru.
  8010 | D:7      | Reached skill level 5 in Short Blades
  8204 | D:7      | Reached XP level 9. HP: 38/44 MP: 10/18
  9047 | D:8      | Reached skill level 11 in Stealth
  9414 | D:9      | Found Qerhifye's Antique Weapon Emporium.
  9544 | D:9      | Found an oddly glowing altar of Pakellas.
  9806 | D:9      | HP: 2/45 [poisoned by a killer bee]
  9810 | D:9      | Noticed a troll
 10002 | D:9      | Killed a troll
 10037 | D:9      | Noticed a troll
 10052 | D:9      | Killed a troll
 10291 | D:8      | Reached skill level 12 in Stealth
 10586 | D:8      | Found Forheg's General Store.
 10627 | D:8      | Reached XP level 10. HP: 51/51 MP: 8/21
 10706 | D:9      | Bought a runed demon blade for 540 gold pieces
 10777 | D:9      | Noticed a hill giant
 10783 | D:9      | Reached skill level 1 in Long Blades
 10802 | D:9      | Mangled by a hill giant

Skill      XL: |  1  2  3  4  5  6  7  8  9 10 |
---------------+-------------------------------+-----
Dodging        | 4 5 7 8 |  8.2
Stealth        | 6 7 8 10 12 | 12.3
Fighting       | 1 2 3 4 |  4.5
Short Blades   | 2 3 4 5 6 |  6.5
Spellcasting   | 3 4 5 6 |  6.9
Hexes          | 4 5 6 7 |  7.2
Long Blades    | 1 |  1.2

Action                   |  1- 3 |  4- 6 |  7- 9 | 10-12 || total
-------------------------+-------+-------+-------+-------++-------
Melee: Dagger            |   193 |   182 |   533 |    11 ||   919
       Demon blade       |       |       |       |    25 ||    25
 Cast: Confuse           |     7 |    22 |   114 |     3 ||   146
       Ensorcelled Hiber |       |     9 |     6 |       ||    15
  Use: Potion            |     1 |       |     2 |       ||     3
       Scroll            |       |     6 |     1 |       ||     7
 Stab: Sleeping          |     7 |     9 |    23 |     3 ||    42
       Confused          |     5 |    14 |    45 |       ||    64
       Distracted        |       |       |     2 |       ||     2
  Eat: Fruit             |       |     3 |       |       ||     3
       Bread ration      |       |     1 |     2 |       ||     3
Armor: Robe              |    22 |    10 |    17 |       ||    49
Dodge: Dodged            |   179 |   116 |   470 |    41 ||   806
